 Dungeon Crawl Stone Soup version 0.19-a0-1895-g783e625 (webtiles) character file.

526 dobroeutro the Archer (level 7, -4/82 HPs)
             Began as a Centaur Hunter on Oct 18, 2016.
             Slain by a killer bee (7 damage)
             ... on level 4 of the Dungeon.
             The game lasted 00:09:27 (4374 turns).

dobroeutro the Archer (Centaur Hunter)              Turns: 4374, Time: 00:09:27

Health: -4/82      AC:  5    Str: 20    XL:     7   Next: 2%
Magic:  0/7        EV:  9    Int: 10    God:
Gold:   196        SH:  0    Dex: 11    Spells: 0 memorised, 6 levels left

rFire  + . .     SeeInvis .     h - +2 mace (crush)
rCold  + . .     Gourm    .     c - +0 leather armour
rNeg   . . .     Faith    .     (no shield)
rPois  .         Spirit   +     (no helmet)
rElec  .         Reflect  .     (no cloak)
rCorr  +         Harm     .     n - +0 pair of gloves (curse)
MR     .....                    (no barding)
Stlth  ..........               k - amulet of guardian spirit
                                y - ring of protection from fire
                                e - ring of resist corrosion

@: berserking, lethally poisoned (-4 -> -8), very quick
A: hooves 3, cold resistance 1, deformed body, speed 2, tough skin 3
a: no special abilities


You were on level 4 of the Dungeon.
You were not hungry.

You visited 1 branch of the dungeon, and saw 5 of its levels.

You collected 196 gold pieces.

Inventory:

Hand Weapons
 a - a +1 shortbow
 b - a +0 short sword
 h - a +2 mace of crushing (weapon)
Missiles
 d - 39 arrows
Armour
 c - a +0 leather armour (worn)
 n - a cursed +0 pair of gloves (worn)
Jewellery
 e - a ring of resist corrosion (left hand)
 k - an amulet of guardian spirit (around neck)
 u - an uncursed amulet of magic regeneration {unknown}
 y - a ring of protection from fire (right hand)
Scrolls
 g - 4 scrolls of remove curse {unknown}
 l - 2 scrolls of random uselessness {unknown}
 m - 2 scrolls of amnesia {unknown}
 o - 5 scrolls of identify {unknown}
 A - a scroll of immolation {unknown}
 B - a scroll of noise {unknown}
Potions
 z - a potion of agility {unknown}
Comestibles
 f - 2 bread rations
 i - 2 slices of pizza
 j - 4 chunks of flesh
 r - a beef jerky


   Skills:
 - Level 2.0 Fighting
 * Level 10.9 Bows
 - Level 1.3 Dodging
 - Level 0.4 Stealth


You had 6 spell levels left.
You didn't know any spells.

Dungeon Overview and Level Annotations

Branches:
Dungeon (5/15)
 Temple: D:4-7

Altars:
Elyvilon
Sif Muna


Innate Abilities, Weirdness & Mutations

You have hooves in place of feet.
Armour fits poorly on your strangely shaped body.
You cover ground very quickly.
You have extremely tough skin. (AC +3)
Your flesh is cold resistant. (rC+)


Message History

The killer bee stings you but does no damage.
The killer bee closely misses you.
It was a potion of berserk rage.
A red film seems to cover your vision as you go berserk!
You feel yourself moving faster!
You feel mighty! The killer bee stings you!
* * * LOW HITPOINT WARNING * * *
The killer bee barely misses you.
The killer bee stings you but does no damage.
The killer bee closely misses you.
You miss the killer bee. Your kick misses the killer bee.
You feel sick. The killer bee stings you.
* * * LOW HITPOINT WARNING * * *
The killer bee stings you but does no damage.
The killer bee stings you.
* * * LOW HITPOINT WARNING * * *
You thump the killer bee! Your kick misses the killer bee.
The killer bee is almost dead.
* * * LOW HITPOINT WARNING * * *
You feel sick. The killer bee stings you!
You die...

#.... #.... #....
########## ########....
#........# #........###
#<.......####.....####
####.......))†......## ###
#.........yy####....#
..#####.##......@.####....#
#.##....##....)>..#.....[.#
#....#####........#.##....#
#..### #........#.##....#
#...#### #........#.##....#
..#....######.####..###.###
.#####..## #.# #..## #.# ##
##..####.# #.## #.# #
##(.....###.# #.##


You could see 2 killer bees.

Vanquished Creatures
  An ogre (D:4)
  A centaur (D:4)
  A scorpion (D:4)
  A hound (D:4)
  A bullfrog skeleton (D:4)
  An iguana (D:4)
  An orc wizard (D:4)
  3 adders
  7 gnolls (D:4)
  2 oozes
  3 worms
  2 dart slugs
  2 leopard geckos
  4 orcs
  7 bats
  8 giant cockroaches
  7 goblins
  10 hobgoblins
  2 jackals (D:2)
  7 kobolds
  A quokka (D:2)
  A ball python (D:2)
  5 frilled lizards
  A leopard gecko skeleton (D:3)
  9 rats
88 creatures vanquished.

Notes
Turn   | Place    | Note
-------+----------+-------------------------------------------
     0 | D:1      | dobroeutro the Centaur Hunter began the quest for the Orb.
     0 | D:1      | Reached XP level 1. HP: 17/17 MP: 1/1
   219 | D:1      | Reached XP level 2. HP: 17/24 MP: 2/2
   274 | D:1      | Reached skill level 6 in Bows
  1005 | D:2      | Found a deep blue altar of Sif Muna.
  1018 | D:2      | Reached XP level 3. HP: 26/29 MP: 3/3
  1121 | D:2      | Reached skill level 7 in Bows
  1757 | D:3      | Reached XP level 4. HP: 36/36 MP: 0/4
  2419 | D:3      | Reached skill level 8 in Bows
  2903 | D:4      | Reached XP level 5. HP: 8/41 MP: 1/5
  3211 | D:4      | Reached skill level 9 in Bows
  3656 | D:4      | Reached XP level 6. HP: 45/48 MP: 6/6
  3729 | D:4      | Found a white marble altar of Elyvilon.
  3921 | D:4      | Reached skill level 10 in Bows
  4079 | D:5      | Entered Level 5 of the Dungeon
  4329 | D:4      | Reached XP level 7. HP: 38/55 MP: 2/7
  4371 | D:4      | Gained mutation: You are frail. (-10% HP) [potion of mutation]
  4371 | D:4      | Lost mutation: You are frail. (-10% HP) [potion of mutation]
  4371 | D:4      | Gained mutation: Your flesh is cold resistant. (rC+) [potion of mutation]
  4373 | D:4      | HP: 4/82 [killer bee (1)]
  4374 | D:4      | Slain by a killer bee

Vault maps used:
D:1:      dpeg_arrival_concentric_ovals, corexii_hall_statues_u
D:2:      minmay_door_path, led_sif_pool
D:3:      first_bread, minmay_hedge_maze
D:4:      elyvilon_altar_3
D:5:      serial_shops, nicolae_shop_statue_plus, makhleb_blood_cavern_becter

Skill      XL: |  1  2  3  4  5  6 |
---------------+-------------------+-----
Bows           | 6 7 8 9 10 | 10.9
Fighting       | |  2.0
Dodging        | |  1.3
Stealth        | |  0.4

Action                   |  1- 3 |  4- 6 |  7- 9 || total
-------------------------+-------+-------+-------++-------
Melee: Mace              |    67 |   116 |     5 ||   188
       Kick              |    13 |    21 |       ||    34
 Fire: Shortbow          |    55 |    84 |       ||   139
  Use: Potion            |       |     6 |     3 ||     9
  Eat: Chunk             |     1 |     3 |       ||     4
       Bread ration      |       |     1 |       ||     1
Armor: Leather armour    |    50 |    69 |     6 ||   125
       Skin              |       |    16 |       ||    16
Dodge: Dodged            |    52 |    61 |     7 ||   120
